 Dungeon Crawl Stone Soup version 0.21.0-3-g78d12a8 (webtiles) character file.

109 Lovchig the Shield-Bearer (level 4, 0/42 HPs)
             Began as a Deep Dwarf Fighter on Jan 14, 2018.
             Killed by divine providence
             ... invoked by an orc priest
              (13 damage)
             ... on level 3 of the Dungeon.
             The game lasted 00:04:31 (1050 turns).

Lovchig the Shield-Bearer (Deep Dwarf Fighter)      Turns: 1050, Time: 00:04:32

Health: 0/42       AC: 12    Str: 20    XL:     4   Next: 60%
Magic:  4/4        EV:  8    Int:  9    God:
Gold:   97         SH:  9    Dex: 12    Spells: 3/3 levels left

rFire    . . .     SeeInvis .   a - +0 war axe
rCold    . . .     Gourm    .   c - +0 shield
rNeg     . . .     Faith    .   b - +0 scale mail
rPois    .         Spirit   .   (no helmet)
rElec    .         Reflect  .   (no cloak)
rCorr    .         Harm     .   h - +0 pair of gloves
MR       .....                  k - +0 pair of boots
Stlth    ..........             s - amulet of inaccuracy (curse)
HPRegen  0.00/turn              j - +5 ring of protection
MPRegen  0.09/turn              q - -2 ring of protection (curse)

@: non-regenerating
A: damage resistance, heal wounds, sense surroundings 1, no regeneration
a: Heal Wounds


You were on level 3 of the Dungeon.
You were not hungry.

You visited 1 branch of the dungeon, and saw 3 of its levels.

You collected 97 gold pieces.

Inventory:

Hand Weapons
 a - a +0 war axe (weapon)
Armour
 b - a +0 scale mail (worn)
 c - a +0 shield (worn)
 h - a +0 pair of gloves (worn)
 k - a +0 pair of boots (worn)
Jewellery
 j - a +5 ring of protection (left hand)
 q - a cursed -2 ring of protection (right hand)
 s - a cursed amulet of inaccuracy (around neck)
Scrolls
 l - a scroll of amnesia
 m - a scroll of fog
 o - a scroll of magic mapping
Potions
 d - 2 potions of might
 e - a potion of heal wounds {unknown}
 g - 3 potions of ambrosia {unknown}
 n - 5 potions of curing {unknown}
 p - 2 potions of haste {unknown}
 r - a potion of agility {unknown}
Comestibles
 f - 4 rations
 i - 11 chunks of flesh


   Skills:
 * Level 3.1 Fighting
 * Level 3.6 Axes
 * Level 3.8 Armour
 * Level 1.3 Dodging
 * Level 4.0 Shields


You had 3 spell levels left.
You didn't know any spells.

Dungeon Overview and Level Annotations

Branches:
Dungeon (3/15)

Altars:


Innate Abilities, Weirdness & Mutations

You are resistant to damage.
You can heal yourself by infusing magical energy.
You passively map a small area around you.
You do not regenerate.


Message History

Pain shoots through your body!
You barely miss the orc.
The orc is heavily wounded.
You closely miss the orc priest. The orc barely misses you.
The orc priest invokes the aid of Beogh against you.
Beogh smites you! The orc hits you but does no damage.
You barely miss the orc.
The orc is heavily wounded.
You barely miss the orc priest.
The orc priest hits you with a morningstar!
You block the rat's attack. The orc closely misses you.
The orc priest closely misses you.
You barely miss the orc.
The orc is heavily wounded.
Your shield prevents you from hitting the rat.
You closely miss the orc priest. You block the rat's attack.
The orc barely misses you.
The orc priest mumbles some strange prayers to Beogh against you.
Beogh smites you!
You die...

, #....###.##>#
*#... ,
#....###.##.###....#
* _ *
#.........#.....#* *
###....###....(.###
*.##.....####.#...##
.........##..#...#
*.........##......#
#....o..##.....## *
#...o@r....##..#
##...##.##.###.#
......# #.##.# .#* ,
*#..... #.##.# .. ,
* ##### , ..##.# .##
* * * ####.# , #.# *
, , , * #.# , * *
...


You could see an orc priest, an orc and a rat.

Vanquished Creatures
  A worker ant (D:3)
  An adder (D:2)
  3 worms
  A dart slug (D:2)
  3 leopard geckos
  6 orcs (D:3)
  A bat (D:2)
  4 giant cockroaches
  5 goblins
  6 hobgoblins
  10 jackals
  4 kobolds
  2 frilled lizards
  5 rats
52 creatures vanquished.

Notes
Turn   | Place    | Note
-------+----------+-------------------------------------------
     0 | D:1      | Lovchig the Deep Dwarf Fighter began the quest for the Orb.
     0 | D:1      | Reached XP level 1. HP: 20/20 MP: 1/1
   126 | D:1      | Reached XP level 2. HP: 25/27 MP: 2/2
   485 | D:1      | Reached XP level 3. HP: 30/33 MP: 3/3
   725 | D:2      | Reached skill level 1 in Dodging
   895 | D:2      | Reached skill level 4 in Shields
   968 | D:3      | Reached XP level 4. HP: 24/42 MP: 4/4
  1050 | D:3      | Killed from afar by an orc priest

Skill      XL: |  1  2  3 |
---------------+----------+-----
Fighting       | 3 |  3.1
Axes           | 3 |  3.6
Dodging        | 1 |  1.3
Shields        | 4 |  4.0
Armour         | |  3.8

Action                   |  1- 3 |  4- 6 || total
-------------------------+-------+-------++-------
Melee: War axe           |   130 |    28 ||   158
 Abil: Heal Wounds       |       |     1 ||     1
  Use: Scroll            |     6 |       ||     6
  Eat: Chunk             |     1 |       ||     1
Armor: Scale mail        |    59 |    21 ||    80
Dodge: Dodged            |    54 |    15 ||    69
Block: Shield            |    68 |    25 ||    93
